 Dungeon Crawl Stone Soup version 0.31-a0-1469-gd420192249 (webtiles) character file.

Game seed: 8585084452459756295

250415 Laraso the Metamorph (level 18, -9/396 HPs)
             Began as a Yellow Draconian Shapeshifter on Dec 28, 2023.
             Was the Champion of Makhleb.
             Mangled by a vault warden
             ... wielding a +0 glaive
              (26 damage)
             ... on level 1 of the Vaults.
             The game lasted 01:19:21 (34350 turns).

Laraso the Metamorph (DrSh)                        Turns: 34350, Time: 01:19:22

Health: -9/396     AC: 25    Str: 33    XL:     18   Next: 91%
Magic:  19/27      EV: 20    Int: 17    God:    Makhleb [******]
Gold:   2452       SH:  0    Dex: 18    Spells: 7/25 levels left

rFire   . .          .
                       - Unarmed
rCold   . . .        (shield currently unavailable)
rNeg    . . .        (body armour unavailable)
rPois   +            C - melded +2 hat {Int+3}
rElec   .            H - melded scarf {+Inv}
rCorr   +            (gloves currently unavailable)
SInv    .            (boots currently unavailable)
Will    +....        u - amulet "Baica" {Regen+ Int+6} Stlth
                     n - +6 ring of strength
HPRegen 1.66/turn    x - +5 ring of evasion
MPRegen 0.20/turn

%: no passive effects
@: berserking, ice-armoured, dragon-form, marked, fugue, flying, studying Hexes,
very quick
A: dragon claw, dragon scales, flying, boosted hp, spit acid, AC +10, giant,
unfitting armour, acidic bite, (cold-blooded), acid resistance, robust 1
}: 2/15 runes: decaying, gossamer
a: Breathe Acid, Begin Untransformation, Renounce Religion, Minor Destruction,
Lesser Servant of Makhleb, Major Destruction, Greater Servant of Makhleb


You were on level 1 of the Vaults.
You worshipped Makhleb.
Makhleb was exalted by your worship.
You were a fearsome golden dragon!
You visited 7 branches of the dungeon, and saw 32 of its levels.
You also visited: Gauntlet.

You collected 4079 gold pieces.
You spent 1627 gold pieces at shops.

Inventory:

Missiles
 v - 9 curare-tipped darts
Armour
 C - a +2 hat of intelligence (melded)
 H - a scarf of invisibility (melded)
Jewellery
 b - a ring of ice
 n - a +6 ring of strength (left foreclaw)
 q - a +6 ring of intelligence
 u - the amulet "Baica" (around neck) {Regen+ Int+6}
   (You found it on level 7 of the Dungeon)

   [amulet of regeneration]

   Int+6:     It affects your intelligence (+6).
   Regen+:    It increases your rate of health regeneration.
 x - a +5 ring of evasion (right foreclaw)
 R - a ring of fire
Talismans
 c - a flux talisman
 j - a maw talisman
 I - a blade talisman
 J - a dragon-blood talisman (active)
Wands
 a - a wand of flame (35)
 d - a wand of charming (28)
 f - a wand of quicksilver (13)
 p - a wand of mindburst (11)
 r - a wand of digging (22)
 S - a wand of roots (30)
Scrolls
 i - 6 scrolls of teleportation
 s - 2 scrolls of fog
 y - 12 scrolls of identify
 A - 5 scrolls of vulnerability
 B - a scroll of amnesia
 E - 3 scrolls of poison
 F - 3 scrolls of fear
 K - a scroll of torment
 M - a scroll of butterflies
 P - 3 scrolls of enchant armour
 Q - 2 scrolls of immolation
 T - 3 scrolls of silence
Potions
 e - a potion of resistance
 g - 3 potions of berserk rage
 h - 8 potions of mutation
 k - 4 potions of might
 m - 7 potions of attraction
 o - 12 potions of ambrosia
 z - a potion of invisibility
 D - 6 potions of curing
 G - 3 potions of enlightenment
 L - 2 potions of brilliance
 N - 2 potions of lignification
 O - 4 potions of magic
 X - 2 potions of haste
Miscellaneous
 w - a phial of floods
 U - a phantom mirror


   Skills:
 * Level 14.2 Fighting
 - Level 3.0 Throwing
 * Level 13.2 Dodging
 - Level 16.3 Unarmed Combat
 - Level 4.0 Spellcasting
 - Level 4.0 Necromancy
 - Level 3.0 Translocations
 - Level 7.0 Ice Magic
 - Level 12.0 Invocations
 - Level 10.0 Evocations
 + Level 19.0 Shapeshifting


You had 7 spell levels left.
You knew the following spells:

 Your Spells              Type           Power      Damage    Failure   Level
a - Fugue of the Fallen   Necr           17%        N/A       9%          3
b - Blink                 Tloc           26%        N/A       7%          2
c - Sublimation of Blood  Necr           17%        N/A       4%          2
d - Ozocubu's Armour      Ice            27%        N/A       2%          3
e - Silence               Hex/Air        1%         N/A       99%         5
f - Vampiric Draining     Necr           17%        2d7       9%          3

Your spell library contained the following spells:

 Spells                   Type           Power      Damage    Failure   Level
 Necrotise                Necr           68%        1d7       3%          1
 Kiss of Death            Conj/Necr      40%        2d8       7%          1
 Lesser Beckoning         Tloc           26%        N/A       7%          2
 Summon Ice Beast         Ice/Summ       15%        N/A       11%         3
 Cigotuvi's Dreadful Rot  Necr/Alch/Air  14%        N/A       14%         2
 Gell's Gravitas          Tloc           13%        N/A       14%         3
 Teleport Other           Tloc           13%        N/A       14%         3
 Magic Dart               Conj           12%        1d3       16%         1
 Sandblast                Erth           6%         2d5       16%         1
 Slow                     Hex            12%        N/A       16%         1
 Call Imp                 Summ           6%         N/A       24%         2
 Scorch                   Fire           6%         2d5       24%         2
 Volatile Blastmotes      Fire/Tloc      16%        2d11      26%         3
 Dispel Undead            Necr           17%        3d10      30%         4
 Manifold Assault         Tloc           13%        N/A       41%         4
 Call Canine Familiar     Summ           3%         N/A       43%         3
 Confusing Touch          Hex            3%         N/A       43%         3
 Dazzling Flash           Conj/Hex       6%         N/A       43%         3
 Mephitic Cloud           Conj/Alch/Air  3%         N/A       43%         3
 Passwall                 Erth           3%         N/A       43%         3
 Sigil of Binding         Hex            3%         N/A       43%         3
 Stone Arrow              Conj/Erth      6%         3d7       43%         3
 Martyr's Knell           Necr/Summ      10%        N/A       56%         4
 Dimensional Bullseye     Hex/Tloc       4%         N/A       63%         4
 Curse of Agony           Necr           17%        N/A       63%         5
 Brom's Barrelling Bould  Conj/Erth      3%         2d3       83%         4
 Flame Wave               Conj/Fire      3%         2d5       83%         4
 Fulminant Prism          Conj/Alch      1%         3d5       83%         4
 Ignite Poison            Fire/Alch      3%         N/A       83%         4
 Leda's Liquefaction      Alch/Erth      1%         N/A       83%         4
 Sticky Flame             Fire/Alch      3%         2d4       83%         4
 Freezing Cloud           Conj/Ice/Air   5%         6-21      86%         5
 Summon Forest            Summ/Tloc      4%         N/A       93%         5
 Summon Mana Viper        Hex/Summ       3%         N/A       99%         5
 Starburst                Conj/Fire      1%         6d3       100%        6
 Summon Cactus Giant      Summ           1%         N/A       100%        6
 Monstrous Menagerie      Summ           1%         N/A       100%        7
 Maxwell's Capacitive Co  Air            1%         ∞         100%        8


Dungeon Overview and Level Annotations

Branches:
Dungeon (15/15)            Temple (1/1) D:6            Lair (5/5) D:8
  Swamp (4/4) Lair:3       Spider (4/4) Lair:3        Slime (0/5) Lair:5
    Orc (2/2) D:10            Elf (0/3) Orc:2        Vaults (1/5) D:14
 Depths (0/4) D:15        Gauntlet (visited)

Altars:
Ashenzari
Cheibriados
Dithmenos
Elyvilon
Fedhas
Gozag
Hepliaklqana
Kikubaaqudgha
Makhleb
Nemelex Xobeh
Okawaru
Qazlal
Ru
Sif Muna
Trog
Uskayaw
Vehumet
Wu Jian
Xom
Yredelemnul
Zin
The Shining One
Jiyva

Shops:
D:2 *   D:3 [   Orc:2 !=:=

Annotations:
D:14 1 runed translucent door
Lair:5 1 runed translucent door
Orc:2 3 runed translucent doors, Sobieck's ghost, adept DECj


Innate Abilities, Weirdness & Mutations

You are a fearsome golden dragon!
You have a powerful clawing attack.
Your giant scaled body is strong and resilient, but less evasive.
Your breath weapon is enhanced in this form.
You are flying.
Your maximum health is greatly increased.
Your armour is entirely melded.
You are incapable of wielding weapons or throwing items.
You can spit globs of acid.
Your golden yellow scales are hard. (AC +10)
You cannot fit into any form of body armour.
You have acidic saliva.
((You are cold-blooded and may be slowed by cold attacks.))
You are resistant to acid. (rCorr)
You are robust. (+10% HP)


Message History

The yaktaur shoots a bolt.
The bolt hits you!!
* * * LOW HITPOINT WARNING * * *
Unknown command.
Unknown command.
Unknown command.
Okay, then.
Okay, then.
Okay, then.
Okay, then.
A red film seems to cover your vision as you go berserk!
You feel yourself moving faster!
You feel mighty!
The runic seal fades away.
The wailing of tortured souls fills the air!
The vault warden hits you but does no damage.
Electricity crackles from the ironbound thunderhulk's apparatus.
The bolt of lightning hits you!!
* * * LOW HITPOINT WARNING * * *
The vault sentinel points at you and mumbles some strange words.
The mark upon you grows brighter.
Unknown command.
Unknown command.
You maul the yaktaur captain!!!!
You kill the yaktaur captain!
Makhleb accepts your kill.
The vault warden activates a sealing rune.
Unknown command.
Unknown command.
You bite the yaktaur!!
The yaktaur is severely wounded.
A yaktaur comes into view.
The vault sentinel shoots a bolt.
The bolt hits you!
* * * LOW HITPOINT WARNING * * *
Unknown command.
Unknown command.
Unknown command.
You maul the yaktaur!!!
You kill the yaktaur!
Makhleb accepts your kill.
You feel better.
The vault warden hits you with a +0 glaive!!
You die...

#...#...#...#########
#...#...#...#
#...#...'...#
#...#...#####
#...#.......#########
#..O#.......#........
#...'.......#........
#..p#+#######...)....
#..)D.......#.....)..
#..cp.......#.....)..
#cp.........'.....###
#c###########)....#


#cc #.....# #c. #.....# #c. #.....# 8pc #...).# ...c #.))))# You could see a
vault warden, an ironbound thunderhulk, a vault sentinel, an ironbound convoker
and 6 yaktaurs.

Vanquished Creatures
  Mara (Swamp:4)
  Boris (Vaults:1)
  Jorgrun (Swamp:3)
  A sphinx (Vaults:1)
  Gastronok (Lair:3)
  2 thorn hunters (Swamp:4)
  Kirke (D:12)
  Donald (Vaults:1)
  3 fenstrider witches
  A vault warden (Vaults:1)
  11 emperor scorpions
  5 ghost moths
  4 ghouls
  An orc warlord (Vaults:1)
  8 ironbound preservers (Vaults:1)
  A hydra skeleton (Swamp:4)
  A broodmother (Spider:3)
  An ironbound thunderhulk (Vaults:1)
  3 eleionomae
  6 dire elephants
  A bunyip (Swamp:4)
  An ettin (Vaults:1)
  2 shambling mangroves (Swamp:4)
  3 yaktaur captains (Vaults:1)
  An entropy weaver (Spider:1)
  A great orb of eyes (Vaults:1)
  A vault guard (D:14)
  2 jorogumos
  18 hydras
  10 centaur warriors
  9 ghost crabs
  5 alligators
  An ironbound frostheart (Vaults:1)
  4 catoblepae
  7 boulder beetles
  A dancing weapon (D:14)
  4 two-headed ogres
  8 death yaks
  3 radroaches
  A death knight (D:14)
  5 demonic crawlers
  A death scarab (Spider:4)
  3 orc high priests (Orc:2)
  A spriggan berserker (Swamp:4)
  Sonja (Lair:2)
  9 spriggans
  A deep elf knight (Swamp:1)
  Urug (Lair:2)
  6 goliath frogs
  16 pharaoh ants
  A death drake (Swamp:2)
  7 deep trolls (Vaults:1)
  A fire crab (D:14)
  2 flayed ghosts (Swamp:4)
  6 spriggan druids
  3 swamp dragons (Swamp:4)
  5 orb spiders
  7 bog bodies
  9 orc knights
  3 ironbound convokers (Vaults:1)
  3 spectral hydras (Swamp:4)
  Lodul (D:12)
  2 sun moths
  A deep elf archer (D:14)
  7 steelbarb worms
  5 arcanists
  A necromancer (Vaults:1)
  A phantasmal warrior (D:14)
  28 wolf spiders
  5 lindwurms (Vaults:1)
  3 oklob plants (Swamp:4)
  2 moths of wrath
  3 manticores
  5 orc sorcerers
  4 cyclopes
  4 will-o-the-wisps
  19 ugly things
  4 kobold blastminers
  13 slime creatures
  4 black mambas
  6 torpor snails
  A vault sentinel (Vaults:1)
  An elephant (D:8)
  A gargoyle (D:10)
  7 cane toads
  4 rime drakes
  2 unseen horrors (D:11)
  An efreet (D:13)
  A kobold demonologist (D:11)
  8 komodo dragons
  11 yaktaurs
  2 freezing wraiths
  3 hydra zombies (Swamp:4)
  2 bloated husks (Swamp:2)
  17 tyrant leeches
  3 death drake zombies (Swamp:4)
  Grinder (D:4)
  8 trolls
  21 hornets
  18 blink frogs
  22 tarantellas
  A shadow (D:11)
  A centaur simulacrum (D:14)
  2 vampires
  Sigmund (D:3)
  19 jumping spiders
  17 culicivoras
  A wyvern (D:9)
  69 yaks
  5 wraiths
  4 hogs (D:12)
  5 basilisks
  3 vampire mosquitoes (Swamp:2)
  2 steam dragons
  A warg (Orc:2)
  46 redbacks
  Menkaure (D:4)
  22 swamp worms
  3 hydra simulacra (Swamp:4)
  18 water moccasins
  Duvessa (D:7)
  An acid dragon (D:11)
  15 orc warriors
  5 swamp drakes
  An ice beast (D:7)
  A black bear (D:4)
  13 ogres
  A black bear (shapeshifter) (D:14)
  16 centaurs
  18 wolves
  2 swamp dragon zombies (Swamp:4)
  A swamp dragon skeleton (Swamp:4)
  3 phantoms
  A kobold brigand (D:7)
  15 bullfrogs
  A bullfrog (shapeshifter) (D:14)
  3 gnoll sergeants
  2 scorpions
  Dowan (D:7)
  A killer bee (D:11)
  6 electric eels
  A howler monkey (D:6)
  A crimson imp (D:7)
  4 hounds
  A bombardier beetle (D:4)
  3 jellies
  21 orc priests
  An iguana (D:5)
  A sleepcap (D:6)
  A gnoll bouda (D:4)
  35 orc wizards
  A boggart simulacrum (D:15)
  15 gnolls
  12 adders
  2 shadow imps (D:7)
  A white imp (D:7)
  2 ufetubi (D:5)
  2 worms (D:2)
  4 dart slugs
  55 orcs
  6 ball pythons
  An endoplasm (D:1)
  5 giant cockroaches
  17 goblins
  17 hobgoblins
  3 quokkas
  5 bats
  2 frilled lizards
  6 kobolds
  5 rats
1039 creatures vanquished.

Vanquished Creatures (collateral kills)
  Snorg (D:11)
  A centaur warrior (Vaults:1)
  A deep elf archer (Swamp:1)
  A swamp dragon (Swamp:4)
  A raiju (Swamp:1)
  A spriggan (Swamp:1)
  A swamp worm (Swamp:1)
7 creatures vanquished.

Vanquished Creatures (others)
  An eleionoma (Swamp:3)
  An efreet (D:14)
  7 bloated husks
  A tyrant leech (Swamp:4)
  2 humans (D:12)
  2 swamp worms
  A swamp drake (Swamp:4)
  An orc wizard (Orc:1)
  16 foxfires
32 creatures vanquished.

Grand Total: 1078 creatures vanquished

Notes
Turn   | Place    | Note
-------+----------+-------------------------------------------
     0 | D:1      | Laraso the Draconian Shapeshifter began the quest for the
                  | Orb.
     0 | D:1      | Reached XP level 1. HP: 16/16 MP: 1/1
   378 | D:1      | Reached XP level 2. HP: 21/23 MP: 2/2
  1040 | D:2      | Found Jerch's Assorted Antiques.
  1094 | D:2      | Reached XP level 3. HP: 22/28 MP: 3/3
  1156 | D:2      | Bought a scroll labelled ESIYPIGIOST for 28 gold pieces
  1156 | D:2      | Bought a bubbling cyan potion for 25 gold pieces
  1274 | D:2      | Noticed a scorpion
  1341 | D:2      | Killed a scorpion
  1342 | D:2      | Reached XP level 4. HP: 35/35 MP: 4/4
  1878 | D:2      | Learned a level 3 spell: Fugue of the Fallen
  1992 | D:3      | Reached skill level 5 in Unarmed Combat
  1992 | D:3      | Reached XP level 5. HP: 33/40 MP: 5/5
  2043 | D:3      | Reached skill level 4 in Shapeshifting
  2333 | D:3      | Found Roikenimp's Antique Armour Shop.
  2349 | D:3      | Noticed Sigmund
  2362 | D:3      | Killed Sigmund
  2363 | D:3      | Reached XP level 6. HP: 47/47 MP: 6/6
  2999 | D:4      | Noticed Grinder
  3000 | D:4      | Paralysed by Grinder for 5 turns
  3190 | D:4      | Noticed Menkaure
  3204 | D:4      | Killed Menkaure
  3205 | D:4      | Reached skill level 5 in Shapeshifting
  3205 | D:4      | Your scales start taking on a golden yellow colour.
  3205 | D:4      | Reached XP level 7. HP: 47/52 MP: 7/7
  3205 | D:4      | Gained mutation: You are resistant to acid. (rCorr) [Yellow
                  | Draconian growth]
  3212 | D:4      | Killed Grinder
  3213 | D:4      | Reached skill level 6 in Shapeshifting
  3897 | D:5      | Entered Level 5 of the Dungeon
  3979 | D:5      | Found a hazy altar of Hepliaklqana.
  3985 | D:5      | Found a faded altar of an unknown god.
  4128 | D:5      | Reached XP level 8. HP: 59/59 MP: 8/8
  4141 | D:5      | Reached skill level 7 in Shapeshifting
  4928 | D:6      | Learned a level 3 spell: Ozocubu's Armour
  5329 | D:6      | Found a sparkling altar of Nemelex Xobeh.
  5335 | D:6      | Found a glowing silver altar of Zin.
  5353 | D:6      | Reached skill level 5 in Fighting
  5353 | D:6      | Reached XP level 9. HP: 64/74 MP: 9/9
  5444 | D:6      | Found a blossoming altar of Fedhas.
  5444 | D:6      | Found a hide-covered altar of Uskayaw.
  5450 | D:6      | Found a sacrificial altar of Ru.
  5583 | D:6      | Found a staircase to the Ecumenical Temple.
  5606 | Temple   | Entered the Ecumenical Temple
  5652 | D:6      | Reached skill level 5 in Dodging
  5700 | D:6      | You fall into a shaft and drop 1 floor!
  5820 | D:7      | Reached skill level 8 in Shapeshifting
  5901 | D:7      | Identified a scroll of acquirement
  5901 | D:7      | Acquired a manual of Unarmed Combat
  5945 | D:7      | Found an iron altar of Okawaru.
  6045 | D:7      | Identified the amulet "Baica" {Regen+ Int+6}
  6337 | D:7      | Reached skill level 9 in Shapeshifting
  6438 | D:7      | Found a burning altar of Makhleb.
  6449 | D:7      | Became a worshipper of Makhleb the Destroyer
  6543 | D:7      | Noticed Duvessa
  6543 | D:7      | Noticed Dowan
  6550 | D:7      | Killed Duvessa
  6556 | D:7      | Killed Dowan
  6959 | D:7      | Reached skill level 10 in Shapeshifting
  7019 | D:7      | Reached XP level 10. HP: 72/81 MP: 10/10
  7056 | D:8      | Found a staircase to the Lair.
  7056 | D:8      | Noticed an elephant
  7062 | D:8      | Killed an elephant
  7182 | D:8      | Reached skill level 11 in Shapeshifting
  7205 | D:8      | Found a stormy altar of Qazlal.
  7457 | D:8      | Reached * piety under Makhleb
  7584 | D:8      | Found an opulent altar of Gozag.
  7659 | Lair:1   | Entered Level 1 of the Lair of Beasts
  7674 | Lair:1   | Reached skill level 1 in Throwing
  7803 | Lair:1   | Reached skill level 12 in Shapeshifting
  7859 | Lair:1   | Noticed a cane toad
  7867 | Lair:1   | Killed a cane toad
  7915 | Lair:1   | Reached skill level 10 in Unarmed Combat
  7958 | Lair:1   | Reached XP level 11. HP: 86/86 MP: 11/11
  8305 | Lair:1   | Reached skill level 1 in Spellcasting
  8305 | Lair:1   | Reached skill level 1 in Necromancy
  8305 | Lair:1   | Reached skill level 1 in Ice Magic
  8722 | Lair:2   | Noticed Urug
  8860 | Lair:2   | Reached ** piety under Makhleb
  8862 | Lair:2   | Found a gate leading to a gauntlet.
  8880 | Gauntlet | Entered a Gauntlet
  8880 | Gauntlet | Found a transporter.
  8880 | Gauntlet | Found a transporter.
  8889 | Gauntlet | Noticed a large abomination
  8921 | Gauntlet | Found a transporter.
  8924 | Gauntlet | Found a transporter.
  8932 | Gauntlet | Found a transporter.
  8935 | Gauntlet | Found a transporter.
  8939 | Gauntlet | Noticed a catoblepas
  8942 | Gauntlet | Found a runed translucent door.
  8945 | Gauntlet | Found a transporter.
  8961 | Gauntlet | Found a transporter.
  8967 | Gauntlet | Found a transporter.
  8970 | Gauntlet | Found a transporter.
  8980 | Gauntlet | Found a transporter.
  8998 | Gauntlet | Found a transporter.
  9380 | Lair:1   | Reached skill level 5 in Ice Magic
  9412 | Lair:2   | Killed Urug
  9504 | Lair:2   | Identified the +6 orcbow of Baleful Tender Mercy
                  | {antimagic, rPois Str+3 Dex+3}
  9617 | Lair:2   | Noticed Sonja
  9638 | Lair:2   | Killed Sonja
  9639 | Lair:2   | Reached XP level 12. HP: 50/94 MP: 18/18
  9968 | Lair:3   | Noticed Gastronok
  9979 | Lair:3   | Killed Gastronok
 10022 | Lair:3   | Noticed a four-headed hydra
 10037 | Lair:3   | Killed a four-headed hydra
 10037 | Lair:3   | Reached *** piety under Makhleb
 10245 | Lair:3   | Noticed a catoblepas
 10254 | Lair:3   | Killed a catoblepas
 10478 | Lair:3   | Found a hole to the Spider Nest.
 10954 | Lair:3   | Found a staircase to the Swamp.
 11188 | Lair:3   | Reached **** piety under Makhleb
 11598 | Lair:4   | You fall into a shaft and drop 1 floor!
 11598 | Lair:5   | Entered Level 5 of the Lair of Beasts
 11600 | Lair:5   | Noticed a seven-headed hydra
 11611 | Lair:5   | Killed a seven-headed hydra
 11730 | Lair:4   | Reached XP level 13. HP: 110/110 MP: 13/19
 12686 | Lair:5   | Found a runed translucent door.
 12686 | Lair:5   | Found a viscous altar of Jiyva.
 12689 | Lair:5   | Found a staircase to the Slime Pits.
 12787 | Lair:5   | Noticed an acid blob
 13127 | Lair:5   | Reached skill level 10 in Fighting
 13127 | Lair:5   | Reached skill level 13 in Shapeshifting
 13205 | Lair:5   | Reached ***** piety under Makhleb
 13356 | Lair:5   | Reached skill level 10 in Dodging
 13973 | D:9      | Reached skill level 1 in Invocations
 13999 | D:9      | Found a shimmering blue altar of Sif Muna.
 14599 | D:9      | Found a basalt altar of Yredelemnul.
 14638 | D:10     | Entered Level 10 of the Dungeon
 15127 | D:10     | Reached skill level 5 in Invocations
 15127 | D:10     | Gained mutation: You have acidic saliva. [Yellow Draconian
                  | growth]
 15127 | D:10     | Reached XP level 14. HP: 121/121 MP: 20/20
 15139 | D:10     | Learned a level 3 spell: Vampiric Draining
 15418 | D:10     | Found a staircase to the Orcish Mines.
 15485 | D:10     | Identified the +1 flail "Stringbean" {freeze, Dex+4}
 15748 | Orc:1    | Entered Level 1 of the Orcish Mines
 15905 | Orc:1    | Found a shimmering blue altar of Sif Muna.
 16101 | Orc:2    | Entered Level 2 of the Orcish Mines
 16196 | Orc:2    | Found a staircase to the Elven Halls.
 16246 | Orc:2    | Found a runed translucent gate.
 16261 | Orc:2    | Found a runed translucent gate.
 16262 | Orc:2    | Found a runed translucent gate.
 16265 | Orc:2    | Noticed Sobieck's ghost (adept DECj)
 16358 | Orc:2    | Reached ****** piety under Makhleb
 16379 | Orc:2    | Reached skill level 14 in Shapeshifting
 16515 | Orc:2    | Paralysed by an orc sorcerer for 4 turns
 16564 | Orc:2    | Reached skill level 1 in Evocations
 17035 | Orc:2    | Found Didam's Jewellery Shop.
 17035 | Orc:2    | Found Visehacy's Distillery.
 17037 | Orc:2    | Found Faow's Jewellery Shoppe.
 17125 | Orc:2    | Found Nigg's Book Shoppe.
 17144 | Orc:2    | Bought a blade talisman for 450 gold pieces
 17144 | Orc:2    | Bought a dragon-blood talisman for 900 gold pieces
 18036 | Orc:2    | Bought a book of Minor Magic for 224 gold pieces
 18039 | Orc:2    | Learned a level 2 spell: Blink
 18129 | D:11     | Noticed Snorg
 18139 | D:11     | Killed Snorg
 18208 | D:11     | Reached skill level 1 in Translocations
 18482 | D:11     | Reached skill level 5 in Evocations
 18743 | D:11     | Identified the +2 scimitar of Incongruity {heavy, Dex+4}
 18750 | D:11     | Learned a level 5 spell: Silence
 19014 | D:12     | Noticed Kirke
 19026 | D:12     | Killed Kirke
 19053 | D:12     | Gained mutation: Your magical capacity is low. (-10% MP)
                  | [potion of mutation]
 19053 | D:12     | Gained mutation: You passively map a small area around you.
                  | [potion of mutation]
 19053 | D:12     | Gained mutation: You have very sharp teeth. [potion of
                  | mutation]
 19065 | D:12     | Lost mutation: You have very sharp teeth. [potion of
                  | mutation]
 19065 | D:12     | Lost mutation: You passively map a small area around you.
                  | [potion of mutation]
 19065 | D:12     | Gained mutation: Your spells are a little easier to cast,
                  | but a little less powerful. [potion of mutation]
 19066 | D:12     | Lost mutation: Your spells are a little easier to cast, but
                  | a little less powerful. [potion of mutation]
 19066 | D:12     | Lost mutation: Your magical capacity is low. (-10% MP)
                  | [potion of mutation]
 19066 | D:12     | Gained mutation: You are dopey. (Int -2) [potion of
                  | mutation]
 19066 | D:12     | Lost mutation: You are dopey. (Int -2) [potion of mutation]
 19066 | D:12     | Gained mutation: You are robust. (+10% HP) [potion of
                  | mutation]
 19974 | D:12     | Noticed Lodul
 19984 | D:12     | Killed Lodul
 20940 | D:14     | Reached skill level 15 in Shapeshifting
 20940 | D:14     | Reached XP level 15. HP: 91/138 MP: 17/21
 21116 | D:14     | Found a runed translucent door.
 21116 | D:14     | Noticed a fire giant
 21343 | D:14     | Found a gate to the Vaults.
 22068 | D:15     | Entered Level 15 of the Dungeon
 22158 | D:15     | Found a shadowy altar of Dithmenos.
 22168 | D:15     | Identified the +10 hand axe "Beetle's Death Toll" {venom,
                  | ^Drain rElec Dex+6}
 22247 | D:15     | Found a staircase to the Depths.
 22247 | D:15     | Noticed a fire giant
 22874 | Spider:1 | Entered Level 1 of the Spider Nest
 23046 | Spider:1 | Reached skill level 10 in Evocations
 23546 | Spider:1 | Reached skill level 16 in Shapeshifting
 25238 | Spider:3 | Reached XP level 16. HP: 145/145 MP: 22/22
 25426 | Spider:3 | Reached skill level 15 in Unarmed Combat
 26143 | Spider:4 | Entered Level 4 of the Spider Nest
 26524 | Spider:3 | Reached skill level 17 in Shapeshifting
 26796 | Spider:4 | Acquired a manual of Hexes
 27827 | Spider:4 | Reached skill level 10 in Invocations
 27867 | Spider:4 | Got a gossamer rune of Zot
 27897 | Spider:4 | Reached XP level 17. HP: 154/154 MP: 24/24
 28316 | Swamp:1  | Entered Level 1 of the Swamp
 28603 | Swamp:1  | Identified the ring of Isam Toa {Str-5 Dex+2 Slay+4 SInv
                  | Stlth+}
 29446 | Swamp:2  | Found the +7 Throatcutter {drain, coup de grace}
 29453 | Swamp:2  | Reached skill level 18 in Shapeshifting
 30106 | Swamp:2  | You are sucked into a shaft and drop 1 floor!
 30154 | Swamp:3  | Noticed Jorgrun
 30169 | Swamp:3  | Killed Jorgrun
 30388 | Swamp:3  | Identified the +0 ring mail of Mumblety Peg {Rampage ^Drain
                  | rF+++ Stlth-}
 31034 | Swamp:2  | Got Cigotuvi's Volume of Arsenical Blasphemous Rites
 31038 | Swamp:2  | Learned a level 2 spell: Sublimation of Blood
 31096 | Swamp:4  | Entered Level 4 of the Swamp
 31129 | Swamp:4  | Paralysed by a hornet for 1 turns
 32273 | Swamp:4  | Noticed Mara
 32276 | Swamp:4  | Noticed Laraso's illusion
 32281 | Swamp:4  | Killed Mara
 32282 | Swamp:4  | Reached XP level 18. HP: 169/169 MP: 23/27
 32911 | Swamp:4  | Found a basalt altar of Yredelemnul.
 32943 | Swamp:4  | Found a blossoming altar of Fedhas.
 32993 | Swamp:4  | Got a decaying rune of Zot
 33423 | Vaults:1 | Entered Level 1 of the Vaults
 33560 | Vaults:1 | Identified the staff of Abomination {rElec Dex+3 Air}
 33573 | Vaults:1 | Noticed Boris
 33586 | Vaults:1 | Killed Boris
 34097 | Vaults:1 | Noticed Donald
 34106 | Vaults:1 | Killed Donald
 34243 | Vaults:1 | Reached skill level 19 in Shapeshifting
 34349 | Vaults:1 | HP: 10/396 [vault sentinel/bolt (13)]
 34350 | Vaults:1 | Mangled by a vault warden

Illustrated notes

Levels and vault maps discovered:
D:1:      minmay_arrival_jagged, layout_basic, kennysheep_minor_cross,
          minmay_misc_feat_ornament
D:2:      layout_basic, serial_shops, shop, minmay_misc_feat_x
D:3:      layout_loops_corners, serial_shops, nicolae_shop_advertising_works
          [nicolae_subvault_shop_adworks], uniq_sigmund
D:4:      layout_cave_pools, small_statue_intersection, minmay_ogre_servants,
          uniq_grinder, uniq_menkaure
D:5:      layout_cave_pools, beargit_hepliaklqana_dungeon_heroes,
          serial_bayou_pond_d
D:6:      layout_gridville, nicolae_overflow_hallway_of_the_gods,
          minmay_temple_entry_tees
D:7:      layout_basic, makhleb_grotto_becter, marbit_many_paths, uniq_duvessa
D:8:      layout_basic, mainiacjoe_overflow_small_starburst,
          mainiacjoe_overflow_chevrons, grunt_lair_entry_orc_guard_hut,
          st_stairs_2, minmay_curled_crystal
D:9:      layout_loops_ring, mainiacjoe_overflow_two_lobes
D:10:     layout_basic, orc_0_dummy, serial_rivers,
          chequers_serial_rivers_marsh, chequers_serial_rivers_large_a,
          chequers_serial_rivers_small_3, chequers_serial_rivers_small_3,
          chequers_serial_rivers_small_a, amcnicky_mini_pool_small
D:11:     minmay_razor_zed, layout_small_grid, serial_glass, glass_columns_b,
          glass_columns_c, uniq_snorg
D:12:     layout_basic, uniq_kirke, uniq_lodul
D:13:     layout_long_grid
D:14:     layout_roguey, erik_vaults_1, dk_noncrumbling_3, minmay_hidden_floor
D:15:     grunt_enter_depths_giant_problem, layout_irregular_city,
          nicolae_dithmenos_shadow_blocks
Temple:   dpeg_chambers_temple
Lair:1:   layout_regular_city, chequers_serial_rivers_micro_e,
          serial_bayou_lake_a
Lair:2:   layout_misc_corridors, gauntlet_entry_generic, uniq_urug, uniq_sonja
Lair:3:   layout_regular_city, minmay_swamp_entry_worms,
          spider_nest_entry_rubble, minivault_23,
          nicolae_lair_run_with_the_wolves, lemuel_fruit_tree, uniq_gastronok
Lair:4:   layout_gridlike, serial_bayou_shore_a
Lair:5:   evilmike_catoblepas_cave, layout_gridlike, slime_entry_2,
          serial_bayou_pond_d, worms_lemuel, infiniplex_staircase_pool_2
Swamp:1:  layout_falls_marsh, hangedman_swamp_ruin_wall, swamp_pool_1_2,
          nicolae_swamp_small_spring, beargit_elvish_explorers
Swamp:2:  regret_index_all_hallows'_manor, layout_falls_marsh,
          evilmike_swamp_ruin_rubble_1, swamp_pool_1_2,
          nicolae_swamp_tree_isthmus, infiniplex_staircase_pool
Swamp:3:  layout_basic_swamp, hangedman_swamp_lotus, swamp_pool_4, uniq_jorgrun
Swamp:4:  byrel_swamp_growth_death_and_undeath, layout_basic_swamp, uniq_mara
Spider:1: layout_spider_delve
Spider:2: layout_spider_delve
Spider:3: layout_spider_delve, nicolae_spider_scorpion_nest
Spider:4: spider_rune_water
Orc:1:    layout_diamond_mine, kennysheep_orc_sif_temple
Orc:2:    st_orc_elflike, layout_caves, basic_altar, gammafunk_ghost_necromancy
Vaults:1: vaults_mumra_chevron_long, nicolae_vaults_disjoint_gnomons,
          vaults_mumra_minichess, nicolae_vaults_angled_halls,
          ontoclasm_vaults_misaligned, vaults_dpeg_hooks,
          grunt_vaults_hallway_long, v_misc_3, nicolae_vaults_network_s,
          nicolae_vaults_little_squares_3, v_pattern_2, vaults_dpeg_cross,
          nicolae_vaults_storage_room_statues, dpeg_vaults_monster_row,
          vaults_dpeg_ring, layout_vaults_ring, uniq_donald, uniq_boris

Skill      XL: |  1  2  3  4  5  6  7  8  9 10 11 12 13 14 15 16 17 18 |
---------------+-------------------------------------------------------+-----
Unarmed Combat | 4 5 6 7 10 12 14 16 | 16.3
Shapeshifting  | 4 5 6 7 10 12 13 15 16 17 18 19 | 19.0
Dodging        | 4 5 7 10 11 13 | 13.2
Fighting       | 5 8 10 12 14 | 14.2
Throwing       | 3 |  3.0
Spellcasting   | 4 |  4.0
Necromancy     | 4 |  4.0
Ice Magic      | 6 7 |  7.0
Invocations    | 5 7 10 12 | 12.0
Evocations     | 7 10 | 10.0
Translocations | 3 |  3.0

Action                     |  1- 3 |  4- 6 |  7- 9 | 10-12 | 13-15 | 16-18 || total
---------------------------+-------+-------+-------+-------+-------+-------++-------
  Melee: Unarmed           |    69 |   138 |   329 |   555 |  1198 |   969 ||  3258
         Tailslap          |     7 |     9 |    63 |   102 |   271 |   168 ||   620
         Punch             |     2 |     4 |     5 |    34 |   118 |   107 ||   270
         Maw               |       |       |     1 |   159 |   411 |    32 ||   603
         Bite              |       |       |       |       |   131 |   119 ||   250
   Cast: Ozocubu's Armour  |       |       |       |    26 |    56 |    62 ||   144
         Fugue of the Fall |       |       |       |     6 |    31 |    16 ||    53
         Blink             |       |       |       |       |     2 |       ||     2
 Invoke: Minor Destruction |       |       |       |       |    16 |     7 ||    23
         Lesser Servant of |       |       |       |       |     1 |       ||     1
         Greater Servant o |       |       |       |       |       |     4 ||     4
Ability: Breathe Acid      |       |       |     5 |     7 |     9 |    12 ||    33
         Begin Untransform |       |       |     1 |       |       |     1 ||     2
         Evoke Invisibilit |       |       |       |       |     2 |     1 ||     3
  Evoke: Wand              |       |       |       |     5 |       |     1 ||     6
    Use: Scroll            |     4 |     3 |     9 |    11 |     6 |    11 ||    44
         Potion            |     1 |     2 |       |     4 |     7 |     5 ||    19
   Stab: Sleeping          |       |     2 |       |       |     1 |     4 ||     7
         Petrified         |       |       |       |       |     3 |       ||     3
         Distracted        |       |       |       |       |     3 |     1 ||     4
         Invisible         |       |       |       |       |     4 |    15 ||    19
         Held in net/web   |       |       |       |       |       |     1 ||     1
 Armour: Skin              |    31 |    70 |   164 |   459 |   726 |  1134 ||  2584
  Dodge: Dodged            |    33 |    73 |   263 |   496 |  1193 |  1096 ||  3154
   Form: Beast             |       |       |     1 |       |       |       ||     1
         Flux              |       |       |     1 |     3 |     1 |       ||     5
         Maw               |       |       |     1 |     3 |     2 |     2 ||     8
         Blade             |       |       |       |       |     2 |       ||     2
         Dragon            |       |       |       |       |     1 |     3 ||     4

Table legend: (Time is in decaauts)
 A = Elapsed time spent in this place.
 B = Non-inter-level travel time spent in this place.
 C = Inter-level travel time spent in this place.
 D = Time resting spent in this place.
 E = Time spent auto-exploring this place.
 F = Levels seen in this place.
 G = Mean time per level.
                   A        B        C        D        E       F      G
               +--------+--------+--------+--------+--------+-----+--------+
         Total |  33962 |  31331 |   2631 |   5027 |  16920 |  33 | 1029.2 |
       Dungeon |  14179 |  13099 |   1080 |   1667 |   8634 |  15 |  945.3 |
        Temple |      1 |      1 |      0 |      0 |      0 |   1 |    1.0 |
          Lair |   6246 |   5562 |    684 |    428 |   3167 |   5 | 1249.2 |
         Swamp |   4860 |   4446 |    414 |   1163 |   1526 |   4 | 1215.0 |
   Spider Nest |   5228 |   4978 |    250 |   1212 |   2105 |   4 | 1307.0 |
  Orcish Mines |   2294 |   2093 |    201 |    446 |    910 |   2 | 1147.0 |
        Vaults |    887 |    887 |      0 |     41 |    474 |   1 |  887.0 |
      Gauntlet |    262 |    262 |      0 |     70 |    103 |   1 |  262.0 |
               +--------+--------+--------+--------+--------+-----+--------+

Top non-repeatable levels by time:
  Lair:3: 1728 daAuts
Spider:3: 1717 daAuts
  Lair:5: 1523 daAuts
 Swamp:2: 1483 daAuts
 Swamp:3: 1442 daAuts
Spider:4: 1386 daAuts
    D:14: 1332 daAuts
  Lair:1: 1258 daAuts
 Swamp:4: 1257 daAuts
   Orc:2: 1247 daAuts
     D:7: 1233 daAuts
    D:10: 1122 daAuts
Spider:1: 1080 daAuts
     D:1: 1073 daAuts
   Orc:1: 1047 daAuts
